 Dungeon Crawl Stone Soup version 0.27.0-1-g7a089689b8 (webtiles) character file.

Game seed: 6009629897732263822

63767 hilljack the Fighter (level 14, -5/133 HPs)
             Began as a Minotaur Gladiator on Aug 13, 2021.
             Was the Champion of Okawaru.
             Slain by an ogre mage (7 damage)
             ... on level 2 of the Orcish Mines.
             The game lasted 00:49:56 (24122 turns).

hilljack the Fighter (Minotaur Gladiator)          Turns: 24122, Time: 00:49:58

Health: -5/133     AC: 11    Str: 19    XL:     14   Next: 69%
Magic:  20/20      EV: 24    Int:  5    God:    Okawaru [******]
Gold:   2014       SH: 10    Dex: 17    Spells: 13/13 levels left

rFire    . . .     SeeInvis .   t - +4 demon trident (vamp)
rCold    . . .     Faith    .   p - +0 buckler
rNeg     . . .     Spirit   .   l - +0 steam dragon scales
rPois    +         Reflect  +   c - +1 hat
rElec    .         Harm     .   L - +2 cloak {rPois}
rCorr    .         Rampage  .   s - +0 pair of gloves
Will     +....                  n - +0 pair of boots
Stlth    ++........             u - amulet of reflection
HPRegen  0.32/turn              e - +4 ring of slaying
MPRegen  0.17/turn              r - +4 ring of evasion

@: on berserk cooldown, slowed, very slow
A: horns 2, retaliatory headbutt
a: Renounce Religion, Heroism, Finesse


You were on level 2 of the Orcish Mines.
You worshipped Okawaru.
Okawaru was exalted by your worship.
You visited 4 branches of the dungeon, and saw 20 of its levels.

You collected 2014 gold pieces.

Inventory:

Hand Weapons
 t - a +4 vampiric demon trident (weapon)
 N - the +7 glaive "Kosu" {venom, +Blink Will- Int+5}
   (Okawaru gifted it to you on level 6 of the Lair of Beasts)

   It poisons the flesh of those it strikes.
   Int:       It affects your intelligence (+5).
   +Blink:    It lets you blink.
   Will:      It decreases your willpower.
 Q - a +0 hand crossbow
Missiles
 d - a throwing net
 i - 139 poisoned darts
 D - a silver javelin
 F - 16 boomerangs (quivered)
 G - 2 atropa-tipped darts
 H - 6 silver boomerangs
 R - 27 bolts
Armour
 c - a +1 hat (worn)
 l - +0 steam dragon scales (worn)
 n - a +0 pair of boots (worn)
 p - a +0 buckler (worn)
 s - a +0 pair of gloves (worn)
 J - a +3 chain mail of positive energy
 L - a +2 cloak of poison resistance (worn)
 P - the +1 scale mail of the Sacrificial Victim {+Inv SInv}
   (You found it on level 11 of the Dungeon)

   SInv:      It lets you see invisible.
   +Inv:      It lets you turn invisible.
Jewellery
 e - a +4 ring of slaying (left hand)
 j - a ring of poison resistance
 o - a ring of protection from cold
 r - a +4 ring of evasion (right hand)
 u - an amulet of reflection (around neck)
 y - an amulet of guardian spirit
Wands
 a - a wand of charming (8)
 h - a wand of iceblast (8)
 x - a wand of flame (18)
 B - a wand of polymorph (10)
Scrolls
 m - 2 scrolls of fog
 q - 5 scrolls of teleportation
 w - 5 scrolls of identify
 E - 4 scrolls of holy word
 I - a scroll of amnesia
Potions
 b - a potion of berserk rage
 f - 4 potions of mutation
 g - 5 potions of flight
 k - 3 potions of curing
 z - 4 potions of cancellation
 A - 2 potions of brilliance
 M - a potion of might
 O - a potion of magic
Miscellaneous
 v - a condenser vane


   Skills:
 + Level 14.8 Fighting
 - Level 14.0 Polearms
 - Level 11.5 Throwing
 + Level 14.0 Dodging
 - Level 4.0 Shields
 - Level 10.0 Invocations


You had 13 spell levels left.
You didn't know any spells.
Your spell library contained the following spells:

 Spells                   Type           Power      Damage    Failure   Level
 Animate Skeleton         Necr           0%         N/A       47%         1
 Apportation              Tloc           0%         N/A       47%         1
 Corona                   Hex            0%         N/A       47%         1
 Summon Small Mammal      Summ           0%         N/A       47%         1
 Ensorcelled Hibernation  Hex/Ice        0%         N/A       63%         2
 Dazzling Flash           Conj/Hex       0%         N/A       85%         3
 Gell's Gravitas          Tloc           0%         N/A       85%         3
 Ignite Poison            Fire/Tmut/Pois 0%         N/A       85%         3
 Lesser Beckoning         Tloc           0%         N/A       85%         3
 Mephitic Cloud           Conj/Pois/Air  0%         N/A       85%         3
 Stone Arrow              Conj/Erth      0%         3d7       85%         3
 Teleport Other           Tloc           0%         N/A       85%         3
 Tukima's Dance           Hex            0%         N/A       85%         3
 Animate Armour           Summ/Erth      0%         N/A       99%         4
 Agony                    Necr           0%         N/A       100%        5
 Bolt of Magma            Conj/Fire/Erth 0%         4d4       100%        5
 Silence                  Hex/Air        0%         N/A       100%        5
 Summon Forest            Summ/Tloc      0%         N/A       100%        5
 Summon Mana Viper        Hex/Summ       0%         N/A       100%        5
 Dispersal                Tloc           0%         N/A       100%        6
 Shadow Creatures         Summ           N/A        N/A       100%        6
 Malign Gateway           Summ/Tloc      0%         N/A       100%        7
 Disjunction              Tloc           0%         N/A       100%        8
 Lehudib's Crystal Spear  Conj/Erth      0%         10d2      100%        8
 Summon Horrible Things   Summ           0%         N/A       100%        8


Dungeon Overview and Level Annotations

Branches:
Dungeon (11/15)            Temple (1/1) D:6            Lair (6/6) D:8
  Swamp (0/4) Lair:3       Spider (0/4) Lair:4        Slime (0/5) Lair:6
    Orc (2/2) D:10
    Elf: Orc:2

Altars:
Ashenzari
Cheibriados
Dithmenos
Elyvilon
Fedhas
Gozag
Hepliaklqana
Kikubaaqudgha
Makhleb
Nemelex Xobeh
Okawaru
Qazlal
Ru
Sif Muna
Trog
Uskayaw
Vehumet
Wu Jian
Xom
Yredelemnul
Zin
The Shining One
Jiyva

Shops:
D:5 [   D:10 [   Orc:2 [

Annotations:
D:4 1 runed translucent door, PieDemon's ghost, amateur TrMo
Lair:4 1 runed translucent door


Innate Abilities, Weirdness & Mutations

You have a pair of horns on your head.
You reflexively headbutt those who attack you in melee.


Message History

The ogre seems to speed up.
Something hits you!
* * * LOW HITPOINT WARNING * * *
The ogre mage casts a spell.
The ogre mage flickers and vanishes!
The ogre mage casts a spell.
The ogre mage flickers and vanishes!
Something completely misses you. Something hits you.
* * * LOW HITPOINT WARNING * * *
You hear some strange, mumbled words.
A bolt of magma appears from out of thin air!
The bolt of magma misses you.
The ogre hits you with a +0 giant club!!
* * * LOW HITPOINT WARNING * * *
You block the ogre's attack. Something closely misses you. Something hits you.
* * * LOW HITPOINT WARNING * * *
You hear a shout!
As you read the scroll of fog, it crumbles to dust.
The scroll dissolves into smoke.
You block the ogre's attack. The ogre completely misses you.
You block the ogre's attack.
You hear some strange, mumbled words.
Something tries to affect you, but you resist.
Something hits you.
* * * LOW HITPOINT WARNING * * *
An ogre mage comes into view. It is wielding a +0 flail.
You hear some strange, mumbled words.
A bolt of magma appears from out of thin air!
The bolt of magma misses you. You block the ogre's attack.
The ogre closely misses you. The ogre barely misses you.
The orc completely misses you.
You feel much better. Something hits you.
* * * LOW HITPOINT WARNING * * *
Something hits you.
* * * LOW HITPOINT WARNING * * *
The ogre hits you with a +0 giant club!!
* * * LOW HITPOINT WARNING * * *
The ogre completely misses you. You block the ogre's attack.
Something hits you!
* * * LOW HITPOINT WARNING * * *
Something hits you but does no damage. Something hits you!
You die...

##..#.†..................
#....................#..
##..#......O..........##.
#####...........(....#..
###........[[$......
#..#...§.<.).....
.....§§.§§.......
.....§O§o§....#..
..#..§§@{{.....#.
......§OO#(#.....
.......#o§.((#...
.......(#(.(((...
.......(#(...#..#
.#........#.(....
..#.............#
.##...#.... .....
#..........#..#


You could see 3 ogres, an orc priest and an orc.

Vanquished Creatures
  2 ettins (Orc:1)
  Josephine (D:11)
  A boulder beetle (Orc:1)
  5 hydras
  6 two-headed ogres
  5 death yaks
  An orc knight (Orc:1)
  2 oklob plants
  A manticore (D:10)
  7 elephants
  10 black mambas
  2 unseen horrors (D:10)
  7 komodo dragons
  14 cane toads
  3 kobold demonologists
  2 rime drakes
  2 trolls
  8 polar bears
  Grinder (D:5)
  6 hornets (Lair:6)
  11 blink frogs
  12 dream sheep
  13 spriggans (Lair:6)
  63 yaks
  4 wyverns
  4 wraiths (D:11)
  5 basilisks
  A water elemental (D:11)
  2 steam dragons (D:8)
  3 wargs
  16 water moccasins
  A swamp drake (Lair:3)
  13 orc warriors
  An ice beast (D:6)
  5 sky beasts
  3 black bears
  A necrophage (D:8)
  13 ogres
  4 boggarts (Lair:6)
  3 centaurs
  28 wolves
  2 phantoms
  13 kobold brigands
  15 bullfrogs
  2 gnoll sergeants
  2 scorpions
  17 killer bees
  A wight (D:7)
  6 electric eels
  A howler monkey (D:9)
  4 jellies
  A bullfrog zombie (D:5)
  8 centaur zombies
  17 orc priests
  2 centaur skeletons
  5 hounds
  A gnoll shaman (D:5)
  7 iguanas
  A scorpion zombie (D:5)
  24 orc wizards
  2 human simulacra (D:11)
  A hound zombie (D:5)
  A howler monkey zombie (D:5)
  13 adders
  17 gnolls
  A howler monkey skeleton (D:6)
  4 shadow imps
  A white imp (D:8)
  2 ufetubi (D:5)
  4 worms
  An adder skeleton (D:3)
  A dart slug (D:1)
  67 orcs
  7 endoplasms
  A giant cockroach (D:2)
  5 goblins
  8 hobgoblins
  8 jackals
  4 quokkas
  9 ball pythons
  3 bats
  2 frilled lizards
  53 kobolds
  9 kobold skeletons (D:11)
  9 kobold zombies (D:11)
  12 rats
666 creatures vanquished.

Vanquished Creatures (collateral kills)
  A kobold brigand (D:8)
  A kobold (D:8)
2 creatures vanquished.

Vanquished Creatures (others)
  A yak (Lair:3)
  34 fungi
  51 plants
86 creatures vanquished.

Grand Total: 754 creatures vanquished

Notes
Turn   | Place    | Note
-------+----------+-------------------------------------------
     0 | D:1      | hilljack the Minotaur Gladiator began the quest for the
                  | Orb.
     0 | D:1      | Reached XP level 1. HP: 18/18 MP: 0/0
   158 | D:1      | Reached XP level 2. HP: 18/25 MP: 1/1
   286 | D:1      | Found a faded altar of an unknown god.
   664 | D:1      | Reached XP level 3. HP: 31/31 MP: 2/2
  1585 | D:2      | Reached XP level 4. HP: 32/38 MP: 3/3
  2138 | D:3      | Noticed a moth of wrath
  2237 | D:3      | Found a bloodstained altar of Trog.
  2385 | D:3      | Reached XP level 5. HP: 46/46 MP: 4/4
  2418 | D:3      | Noticed an ogre
  2424 | D:3      | Killed an ogre
  2425 | D:3      | Reached skill level 5 in Polearms
  2895 | D:3      | Found an ornate altar of the Wu Jian Council.
  2896 | D:3      | Found a hide-covered altar of Uskayaw.
  2940 | D:4      | Reached XP level 6. HP: 52/52 MP: 5/5
  2985 | D:4      | Reached skill level 1 in Shields
  3362 | D:4      | Reached skill level 5 in Dodging
  3362 | D:4      | Reached XP level 7. HP: 60/60 MP: 6/6
  3623 | D:4      | Found a runed translucent door.
  4017 | D:4      | Noticed PieDemon's ghost (amateur TrMo)
  4063 | D:5      | Entered Level 5 of the Dungeon
  4227 | D:5      | Reached skill level 5 in Fighting
  4604 | D:5      | Reached XP level 8. HP: 69/69 MP: 7/7
  4702 | D:5      | Reached skill level 5 in Throwing
  5113 | D:5      | Found a stormy altar of Qazlal.
  5167 | D:5      | Found Zyirraub's Antique Armour Shop.
  5169 | D:5      | Noticed Grinder
  5177 | D:5      | Killed Grinder
  5753 | D:6      | Reached XP level 9. HP: 41/79 MP: 8/8
  5939 | D:6      | Found a staircase to the Ecumenical Temple.
  5946 | Temple   | Entered the Ecumenical Temple
  6350 | D:6      | Found an iron altar of Okawaru.
  6358 | D:6      | Became a worshipper of Warmaster Okawaru
  6772 | D:6      | Found a basalt altar of Yredelemnul.
  7022 | D:6      | Reached skill level 1 in Invocations
  7089 | D:6      | Reached * piety under Okawaru
  8298 | D:8      | Reached XP level 10. HP: 79/90 MP: 8/11
  8626 | D:8      | Found a staircase to the Lair.
  8831 | D:8      | Reached ** piety under Okawaru
  9636 | D:9      | Found a shadowy altar of Dithmenos.
  9815 | D:9      | Found a blossoming altar of Fedhas.
 10185 | D:9      | Reached *** piety under Okawaru
 10501 | D:9      | Found a white marble altar of Elyvilon.
 10501 | D:9      | Found a glowing silver altar of Zin.
 10502 | D:9      | Found a glowing golden altar of the Shining One.
 10603 | D:10     | Entered Level 10 of the Dungeon
 10773 | Lair:1   | Entered Level 1 of the Lair of Beasts
 10855 | Lair:1   | Found the +7 pair of quick blades "Gyre" and "Gimble"
                  | {protect}
 10954 | Lair:1   | Noticed a cane toad
 10960 | Lair:1   | Killed a cane toad
 10961 | Lair:1   | Reached skill level 10 in Polearms
 10987 | Lair:1   | Noticed an oklob plant
 11001 | Lair:1   | Killed an oklob plant
 11001 | Lair:1   | Reached **** piety under Okawaru
 11160 | Lair:1   | Reached skill level 5 in Invocations
 11160 | Lair:1   | Reached XP level 11. HP: 89/99 MP: 10/13
 11590 | Lair:1   | Reached skill level 10 in Fighting
 11745 | Lair:1   | Received a gift from Okawaru
 12134 | Lair:2   | Noticed a death yak
 12134 | Lair:2   | Noticed a death yak
 12135 | Lair:2   | Noticed a death yak
 12185 | Lair:1   | Received a gift from Okawaru
 12247 | Lair:2   | Noticed a death yak
 12247 | Lair:2   | Noticed a death yak
 12667 | Lair:1   | Killed a death yak
 12668 | Lair:1   | Reached skill level 10 in Dodging
 12770 | Lair:1   | Reached ***** piety under Okawaru
 13101 | Lair:2   | Received a gift from Okawaru
 13133 | Lair:2   | Noticed a six-headed hydra
 13170 | Lair:2   | Killed a six-headed hydra
 13633 | Lair:2   | Killed a death yak
 13637 | Lair:2   | Reached XP level 12. HP: 62/110 MP: 9/16
 13647 | Lair:2   | Killed a death yak
 13691 | Lair:2   | Killed a death yak
 13691 | Lair:2   | Received a gift from Okawaru
 13696 | Lair:2   | Killed a death yak
 14646 | Lair:3   | Reached skill level 10 in Throwing
 14684 | Lair:3   | Found a staircase to the Swamp.
 14786 | Lair:3   | Received a gift from Okawaru
 14788 | Lair:3   | Reached ****** piety under Okawaru
 15414 | Lair:4   | Noticed a six-headed hydra
 15606 | Lair:3   | Killed a six-headed hydra
 15606 | Lair:3   | Received a gift from Okawaru
 15829 | Lair:4   | Found a hole to the Spider Nest.
 15854 | Lair:4   | Received a gift from Okawaru
 15934 | Lair:4   | Found a runed translucent door.
 16231 | Lair:4   | You fall into a shaft and drop 2 floors!
 16231 | Lair:6   | Entered Level 6 of the Lair of Beasts
 16241 | Lair:6   | Reached XP level 13. HP: 118/118 MP: 18/18
 18461 | Lair:5   | Received a gift from Okawaru
 19836 | Lair:6   | Reached XP level 14. HP: 123/129 MP: 16/20
 20616 | Lair:6   | Found a viscous altar of Jiyva.
 20617 | Lair:6   | Found a staircase to the Slime Pits.
 20747 | Lair:6   | Identified the +7 glaive "Kosu" {venom, +Blink Will- Int+5}
                  | (Okawaru gifted it to you on level 6 of the Lair of Beasts)
 20747 | Lair:6   | Received a gift from Okawaru
 21073 | D:10     | Found Xobuithui's Antique Armour Shoppe.
 21110 | D:10     | Reached skill level 10 in Invocations
 21309 | D:10     | Found a shimmering altar of Xom.
 21454 | D:10     | Found a staircase to the Orcish Mines.
 21661 | D:10     | Found a hazy altar of Hepliaklqana.
 22023 | D:11     | Noticed Josephine
 22030 | D:11     | Killed Josephine
 22320 | D:11     | Found an ancient bone altar of Kikubaaqudgha.
 22347 | D:11     | Identified the +1 scale mail of the Sacrificial Victim
                  | {+Inv SInv}
 22639 | D:11     | Received a gift from Okawaru
 23187 | Orc:1    | Entered Level 1 of the Orcish Mines
 23434 | Orc:2    | Entered Level 2 of the Orcish Mines
 23467 | Orc:2    | Found Muoloph's Armour Emporium.
 23533 | Orc:1    | Received a gift from Okawaru
 24113 | Orc:2    | Paralysed by an ogre mage for 4 turns
 24122 | Orc:2    | HP: 2/133 [something (9)]
 24122 | Orc:2    | Slain by an ogre mage

Illustrated notes

Levels and vault maps discovered:
D:1:      dpeg_arrival_rooms_c, layout_basic, hellmonk_ecumenical_altar_lost_god
D:2:      layout_basic
D:3:      layout_loops_ring, gammafunk_temple_overflow_statue, tgw_trog,
          chequers_serial_rivers_micro_a, minmay_misc_feat_secret_circle,
          minmay_pentomino_pile
D:4:      layout_cave_pods, ebering_ghost_sewer_d, st_stairs_8
D:5:      layout_loops_corners, nicolae_qazlal_eye_of_the_storm, serial_shops,
          shop, minmay_joined_circles, uniq_grinder
D:6:      minmay_polygon_palace, layout_gridville, mainiacjoe_overflow_alcove_2,
          kennysheep_mini, minmay_temple_entry_overgrown, nrook_mini_vaults
D:7:      layout_loops_corners, serial_bayou_lagoon_a, st_stairs_10
D:8:      layout_gridville, lair_entry_dummy
D:9:      layout_long_grid, good_gods_temple_1, grunt_dithmenos_smoke,
          mainiacjoe_overflow_catwalk
D:10:     layout_irregular_city, nzn_hepliaklqana_mist_gate,
          mainiacjoe_overflow_alcove_4, hiddenorc2_lemuel, serial_shops,
          nicolae_shop_statue_plus
D:11:     wander_kiku_kobolds, layout_basic, bh_circular_ruins, uniq_josephine
Temple:   nicolae_temple_figure_zero
Lair:1:   layout_long_grid, st_stairs_6, minivault_11, minmay_lair_oklob_items,
          infiniplex_staircase_pool
Lair:2:   layout_roguey
Lair:3:   layout_regular_city, minmay_swamp_entry_reptiles
Lair:4:   gammafunk_mikee_crab_dinner, layout_regular_city,
          spider_nest_entry_web_field
Lair:5:   layout_gridlike, grunt_megastairs_2, infiniplex_staircase_pool_2
Lair:6:   minmay_lair_end_enchanted_forest, layout_cave_pods,
          dpeg_slime_entry_enclosed_altar, serial_bayou_shore_a
Orc:1:    layout_caves, nicolae_orc_tapped_out
Orc:2:    st_orc_ogre_mass, layout_caves, serial_shops, nicolae_shop_waterfront,
          basic_altar, rock_pile

Skill      XL: |  1  2  3  4  5  6  7  8  9 10 11 12 13 14 |
---------------+-------------------------------------------+-----
Polearms       | 4 5 6 7 9 10 11 12 13 14 | 14.0
Fighting       | 3 4 5 7 8 9 11 12 13 14 | 14.8
Dodging        | 4 5 7 8 9 10 11 12 14 | 14.0
Throwing       | 3 4 6 7 8 9 10 11 | 11.5
Shields        | 1 3 4 |  4.0
Invocations    | 2 5 6 8 9 10 | 10.0

Action                   |  1- 3 |  4- 6 |  7- 9 | 10-12 | 13-15 || total
-------------------------+-------+-------+-------+-------+-------++-------
Melee: Trident           |    81 |    96 |   329 |   389 |       ||   895
       Headbutt          |     9 |    11 |    54 |   125 |   180 ||   379
       Unarmed           |       |       |     5 |       |       ||     5
       Demon trident     |       |       |       |   195 |   816 ||  1011
Throw: Throwing net      |       |     2 |       |     5 |     1 ||     8
       Dart              |       |       |       |       |    28 ||    28
       Boomerang         |       |       |       |       |    30 ||    30
       Javelin           |       |       |       |       |     8 ||     8
  Use: Scroll            |     7 |     3 |    11 |    10 |     9 ||    40
       Potion            |       |       |       |     5 |     3 ||     8
 Stab: Held in net/web   |       |       |       |     5 |       ||     5
       Sleeping          |       |       |       |     4 |     1 ||     5
       Distracted        |       |       |       |     1 |       ||     1
       Invisible         |       |       |       |       |     6 ||     6
Armor: Leather armour    |     4 |       |       |       |       ||     4
       Ring mail         |    19 |    21 |    75 |    10 |       ||   125
       Steam dragon scal |       |       |       |    57 |   115 ||   172
       Skin              |       |       |       |    12 |       ||    12
Dodge: Dodged            |    24 |    27 |   153 |   306 |   533 ||  1043
Block: Buckler           |       |     3 |    36 |    83 |   190 ||   312
       Reflection        |       |       |       |       |    14 ||    14
